 Dungeon Crawl Stone Soup version 0.23-a0-644-gb60d84b (webtiles) character file.

58 TheGoonsmith the Skirmisher (level 4, -13/37 HPs)
             Began as a Formicid Abyssal Knight on Jan 1, 2019.
             Was a Follower of Lugonu.
             Killed by divine providence
             ... invoked by an orc priest
              (15 damage)
             ... on level 3 of the Dungeon.
             The game lasted 00:04:38 (1762 turns).

TheGoonsmith the Skirmisher (FoAK)                  Turns: 1762, Time: 00:04:38

Health: -13/37     AC:  6    Str: 16 (18) XL:     4   Next: 20%
Magic:  5/5        EV: 11    Int:  8 (11) God:    Lugonu [*.....]
Gold:   250        SH: 12    Dex: 14 (15) Spells: 3/3 levels left

rFire    . . .     SeeInvis +   a - +1 hand axe
rCold    . . .     Gourm    .   d - +0 large shield
rNeg     . . .     Faith    .   r - +0 ring mail
rPois    .         Spirit   .   (helmet unavailable)
rElec    .         Reflect  .   (no cloak)
rCorr    .         Harm     .   g - +0 pair of gloves
MR       .....                  (no boots)
Stlth    ++........             (no amulet)
HPRegen  0.12/turn              (no ring)
MPRegen  0.09/turn              (no ring)

@: agile
A: permanent stasis, dig shafts and tunnels, four strong arms, antennae 3
a: Dig, Shaft Self, Depart the Abyss, Renounce Religion


You were on level 3 of the Dungeon.
You worshipped Lugonu.
Lugonu was aware of your devotion.
You were not hungry.

You visited 1 branch of the dungeon, and saw 3 of its levels.
You visited the Abyss 1 time.

You collected 250 gold pieces.

Inventory:

Hand Weapons
 a - a +1 hand axe (weapon)
 b - a +0 hunting sling
Missiles
 o - 20 sling bullets
 p - 45 stones (quivered)
Armour
 d - a +0 large shield (worn)
 g - a +0 pair of gloves (worn)
 n - a +0 leather armour
 r - a +0 ring mail (worn)
Jewellery
 e - an uncursed amulet of rage
Scrolls
 h - a scroll of amnesia {unknown}
 k - a scroll of random uselessness {unknown}
 l - a scroll of fog {unknown}
Potions
 f - 3 potions of cancellation
 j - a potion of invisibility {unknown}
 m - a potion of berserk rage {unknown}
Comestibles
 c - 7 rations


   Skills:
 + Level 3.8 Fighting
 * Level 3.0 Axes
 + Level 2.7 Armour
 - Level 0.8 Dodging
 + Level 1.6 Shields
 - Level 2.1 Invocations


You had 3 spell levels left.
You didn't know any spells.
Your spell library was empty.

Dungeon Overview and Level Annotations

Branches:
Dungeon (3/15)

Altars:
Kikubaaqudgha
Uskayaw

Annotations:
D:2 Sigmund


Innate Abilities, Weirdness & Mutations

You cannot be hasted, slowed, berserked, paralysed or teleported.
You can dig through walls and to a lower floor.
Your four strong arms can wield two-handed weapons with a shield.
You have a pair of large antennae on your head. (SInv)


Message History

You hit the orc.
The orc is almost dead.
The orc hits you with a +0 flail!
The orc priest begins to cast a cantrip, but forgets the words!
Your shield prevents you from hitting the orc.
The orc is almost dead.
The orc wizard gestures wildly while chanting.
The orc wizard blinks!
The orc priest begins to cast a cantrip, but forgets the words!
The orc barely misses you.
The orc priest mumbles some strange prayers to Beogh against you.
Beogh smites you!
* * * LOW HITPOINT WARNING * * *
It was a potion of agility.
You feel agile all of a sudden. You block the orc's attack.
It was a potion of magic.
Magic courses through your body.
The orc priest invokes the aid of Beogh against you.
Beogh smites you!
You die...

#............. #### ####
#........####. #.. #...
#........# ###.# ###.
#........# #...# #. #####.####
# #...######### ########.###
#.##.........# # #..........#
#...(........# #
#..........########.........###
#.............@ooog..o)........
#..........########...#########
############ #...# #...# #...#
#...# #####


You could see 2 orc priests, an orc wizard, an orc and a hobgoblin.

Vanquished Creatures
  An adder (D:2)
  A dart slug (D:2)
  A leopard gecko (D:2)
  An orc (D:3)
  3 giant cockroaches
  4 goblins
  5 hobgoblins
  6 jackals (D:1)
  A quokka (D:2)
  5 bats
  5 frilled lizards
  3 kobolds
  6 rats
42 creatures vanquished.

Notes
Turn   | Place    | Note
-------+----------+-------------------------------------------
     0 | Abyss:1  | TheGoonsmith the Formicid Abyssal Knight began the quest
                  | for the Orb.
     0 | Abyss:1  | Reached XP level 1. HP: 18/18 MP: 2/2
    55 | Abyss:2  | Noticed a large abomination
    84 | Abyss:2  | Noticed a large abomination
    85 | Abyss:2  | Noticed a large abomination
    87 | D:1      | Escaped the Abyss
   130 | D:1      | Reached XP level 2. HP: 13/24 MP: 3/3
   136 | D:1      | Reached * piety under Lugonu
   574 | D:1      | Reached skill level 1 in Shields
   633 | D:1      | Reached XP level 3. HP: 28/29 MP: 4/4
  1138 | D:2      | Noticed Sigmund
  1384 | D:2      | Reached XP level 4. HP: 22/37 MP: 5/5
  1479 | D:3      | Found a hide-covered altar of Uskayaw.
  1715 | D:3      | Found an ancient bone altar of Kikubaaqudgha.
  1762 | D:3      | Killed from afar by an orc priest

Vault maps used:
D:1:      psy_arrival_dodecagon
D:2:      minmay_joined_circles, uniq_sigmund
D:3:      kiku_gazebo_pond_becter, eat_drink_and_be_merry_uskayaw,
          chequers_ecumenical_altar_island, first_ration,
          chequers_serial_rivers_small_3

Skill      XL: |  1  2  3  4 |
---------------+-------------+-----
Shields        | 1 |  1.6
Axes           | 3 |  3.0
Fighting       | |  3.8
Armour         | |  2.7
Dodging        | |  0.8
Invocations    | |  2.1

Action                   |  1- 3 |  4- 6 || total
-------------------------+-------+-------++-------
Melee: Hand axe          |   109 |    16 ||   125
 Fire: Hunting sling     |       |    23 ||    23
Invok: Depart the Abyss  |     1 |       ||     1
 Abil: Dig               |       |     1 ||     1
  Use: Scroll            |     2 |       ||     2
       Potion            |     1 |     2 ||     3
  Eat: Chunk             |     1 |     2 ||     3
Armor: Leather armour    |    31 |    18 ||    49
       Ring mail         |       |     6 ||     6
Dodge: Dodged            |    31 |     9 ||    40
Block: Large shield      |    90 |    21 ||   111

Table legend:
 A = Non-vault XP
 B = Vault XP
 C = Vault XP percentage of total XP
 D = Non-vault monster count
 E = Vault monster count
 F = Vault count percentage of total count
                 A         B        C        D         E       F
            +---------+---------+-------+---------+---------+-------
      Total |      67 |      16 |  19.3 |      32 |      10 |  23.8
            +---------+---------+-------+---------+---------+-------
        D:1 |      30 |       0 |   0.0 |      17 |       0 |   0.0
        D:2 |      23 |      16 |  41.0 |       7 |      10 |  58.8
        D:3 |      14 |       0 |   0.0 |       8 |       0 |   0.0
            +---------+---------+-------+---------+---------+-------
